 Dungeon Crawl Stone Soup version 0.23-a0-650-ga4d50d4 (webtiles) character file.

2866 Letos the Caller (level 9, -3/46 HPs)
             Began as a Deep Elf Ice Elementalist on Jan 6, 2019.
             Was a Believer of Vehumet.
             Slain by a wraith (8 damage)
             ... on level 8 of the Dungeon.
             The game lasted 00:24:29 (9069 turns).

Letos the Caller (Deep Elf Ice Elementalist)        Turns: 9069, Time: 00:24:30

Health: -3/46      AC: 14    Str:  5    XL:     9   Next: 47%
Magic:  21/26      EV: 12    Int: 24    God:    Vehumet [**....]
Gold:   505        SH:  5    Dex: 15    Spells: 1/16 levels left

rFire    . . .     SeeInvis +   I - +2 whip (elec)
rCold    . . .     Gourm    +   i - +0 buckler
rNeg     . . .     Faith    .   a - +0 robe
rPois    .         Spirit   .   (no helmet)
rElec    .         Reflect  .   x - +2 cloak
rCorr    .         Harm     .   m - +0 pair of gloves
MR       .....                  o - +0 pair of boots
Stlth    ++........             z - amulet of the gourmand
HPRegen  0.15/turn              F - ring of see invisible
MPRegen  0.20/turn              k - ring of magical power

@: icy armour, slowed, drained, very slow
A: no striking features
a: Renounce Religion


You were on level 8 of the Dungeon.
You worshipped Vehumet.
Vehumet was pleased with you.
You were very full.

You visited 2 branches of the dungeon, and saw 9 of its levels.
You also visited: Sewer.

You collected 505 gold pieces.

Inventory:

Hand Weapons
 I - a +2 whip of electrocution (weapon)
Armour
 a - a +0 robe (worn)
 i - a +0 buckler (worn)
 m - a +0 pair of gloves (worn)
 o - a +0 pair of boots (worn)
 x - a +2 cloak (worn)
Jewellery
 e - an uncursed ring of protection from cold
 k - a ring of magical power (right hand)
 l - a +2 ring of protection
 z - an amulet of the gourmand (around neck)
 D - an uncursed ring of stealth
 F - a ring of see invisible (left hand)
Wands
 A - a wand of flame (1)
 H - a wand of clouds (3)
Scrolls
 b - a scroll of fear
 h - 4 scrolls of magic mapping
 j - 3 scrolls of amnesia
 n - 4 scrolls of identify
 q - 5 scrolls of remove curse
 t - 2 scrolls of blinking
 y - a scroll of vulnerability {unknown}
 E - 3 scrolls of teleportation
Potions
 d - 4 potions of brilliance
 f - 5 potions of curing
 g - a potion of berserk rage
 p - a potion of haste
 r - a potion of lignification {unknown}
 s - 3 potions of heal wounds
 u - a potion of magic
 v - a potion of flight
 w - a potion of might
 C - a potion of degeneration
Comestibles
 c - 19 rations


   Skills:
 * Level 0.6(0.0) Fighting
 - Level 2.4(1.8) Dodging
 - Level 2.4(1.8) Stealth
 - Level 5.0(4.3) Shields
 - Level 4.4(3.7) Spellcasting
 + Level 6.6(5.9) Conjurations
 - Level 4.5(3.8) Charms
 - Level 7.6(6.9) Summonings
 - Level 2.1(1.5) Translocations
 + Level 6.2(5.5) Ice Magic


You had one spell level left.
You knew the following spells:

 Your Spells              Type           Power        Failure   Level  Hunger
a - Freeze                Ice            ####         1%          1    None
b - Throw Frost           Conj/Ice       ####..       1%          2    #......
c - Ozocubu's Armour      Chrm/Ice       ####....     4%          3    ##.....
d - Summon Ice Beast      Ice/Summ       ####....     8%          4    ####...
e - Throw Icicle          Conj/Ice       ####....     10%         4    ####...
f - Apportation           Tloc           ##....       5%          1    None

Your spell library contained the following spells:

 Spells                   Type           Power        Failure   Level  Hunger
 Shock                    Conj/Air       ###.         3%          1    None
 Magic Dart               Conj           ####         1%          1    None
 Summon Small Mammal      Summ           ####         1%          1    None
 Animate Skeleton         Necr           N/A          10%         1    None
 Confusing Touch          Hex            #.....       10%         1    None
 Pain                     Necr           #...         10%         1    None
 Searing Ray              Conj           ####..       1%          2    #......
 Dazzling Spray           Conj/Hex       ###...       9%          3    ##.....
 Iskenderun's Mystic Bla  Conj           ####....     9%          4    ####...
 Sublimation of Blood     Necr           #.........   16%         2    #......
 Force Lance              Conj/Tloc      ###.....     22%         4    ####...
 Fulminant Prism          Conj/Hex       ###.......   28%         4    ####...
 Bolt of Draining         Conj/Necr      ###.......   63%         5    ######.
 Excruciating Wounds      Chrm/Necr      ##........   77%         5    ######.
 Simulacrum               Ice/Necr       ###.......   99%         6    #######


Dungeon Overview and Level Annotations

Branches:
Dungeon (8/15)             Temple (1/1) D:4
   Lair: D:8-11

Altars:
Ashenzari
Dithmenos
Elyvilon
Gozag
Hepliaklqana
Kikubaaqudgha
Uskayaw
Vehumet
Wu Jian
Xom
Zin


Message History

You hit the wraith but do no damage.
The wraith is moderately damaged.
The wraith hits you. The wraith drains your vigour!
You feel yourself slow down.
The wight hits you from afar with a +3 halberd.
* * * LOW HITPOINT WARNING * * *
You feel drained.
Your ice beast closely misses the wight.
Casting: Freeze (safe; 1% risk of failure)
Confirm with . or Enter, or press ? or * to list all spells.
A film of ice covers your body! You block the wraith's attack.
Your ice beast hits the wight but does no damage.
The wight barely misses you. The wraith misses you.
Your ice beast barely misses the wight.
You hit the wraith but do no damage.
The wraith is moderately damaged.
The wight hits you from afar with a +3 halberd!
* * * LOW HITPOINT WARNING * * *
The wraith hits you!
You die...

##.#
#(##.#.#
...#..##
...#
#..[...#
.....
####
###...##
.....
#.#8#
...##
#'###
##.
###.###
.
#.'.'.#
###.###
#.W@Yz#
###.###
+.+ #.#
+.+ #.#
+.+ #.#


You could see a wraith, a wight and a friendly ice beast.

Vanquished Creatures
  Sigmund (D:4)
  Edmund (D:5)
  2 sky beasts
  A black bear (D:8)
  2 ice beasts (D:8)
  2 phantoms
  A centaur (D:8)
  3 big kobolds (Sewer)
  A bullfrog (D:8)
  5 crimson imps
  2 centaur zombies
  A hound (D:8)
  A bullfrog zombie (D:8)
  A human zombie (D:8)
  An orc wizard (D:8)
  2 jellies
  Crazy Yiuf (D:3)
  An iguana (D:8)
  A worker ant (D:4)
  A mummy (D:8)
  A worker ant zombie (D:4)
  7 adders
  8 gnolls
  A river rat (D:3)
  5 oozes
  An adder skeleton (D:4)
  4 worms
  2 dart slugs
  4 leopard geckos
  12 orcs
  2 giant cockroaches
  10 goblins
  10 hobgoblins
  14 jackals
  18 kobolds
  3 quokkas
  2 ball pythons
  10 bats
  6 frilled lizards
  A leopard gecko skeleton (D:4)
  9 rats
161 creatures vanquished.

Vanquished Creatures (collateral kills)
  Joseph (D:7)
  A hippogriff (D:7)
  A spriggan (D:7)
  A hungry ghost (D:8)
  Duvessa (D:5)
  An ice beast (D:5)
  A black bear (D:8)
  An ogre (D:6)
  A bullfrog (D:8)
  Dowan (D:5)
  A scorpion (D:7)
  A wyvern skeleton (D:8)
  A hound (D:8)
  An iguana (D:8)
  A worker ant zombie (D:8)
  An adder (D:7)
  A shadow imp (D:8)
  An adder skeleton (D:8)
  3 orcs (D:8)
  A jackal (D:8)
  A ball python zombie (D:6)
  A quokka zombie (D:5)
24 creatures vanquished.

Grand Total: 185 creatures vanquished

Notes
Turn   | Place    | Note
-------+----------+-------------------------------------------
     0 | D:1      | Letos the Deep Elf Ice Elementalist began the quest for the
                  | Orb.
     0 | D:1      | Reached XP level 1. HP: 10/10 MP: 6/6
   373 | D:1      | Reached XP level 2. HP: 10/15 MP: 6/8
   378 | D:1      | Learned a level 2 spell: Throw Frost
  1461 | D:2      | Reached XP level 3. HP: 14/19 MP: 9/9
  1467 | D:2      | Learned a level 3 spell: Ozocubu's Armour
  2544 | D:3      | Reached XP level 4. HP: 23/24 MP: 10/10
  2590 | D:3      | Reached skill level 5 in Ice Magic
  2623 | D:3      | Found a glowing drain.
  2630 | Sewer    | Entered a sewer
  2758 | Sewer    | Noticed a big kobold
  2768 | Sewer    | Killed a big kobold
  2768 | Sewer    | Reached XP level 5. HP: 27/28 MP: 10/11
  2863 | Sewer    | Reached skill level 1 in Charms
  2870 | Sewer    | Reached XP level 6. HP: 7/32 MP: 8/12
  3454 | D:3      | Found a hazy altar of Hepliaklqana.
  3576 | D:3      | Found a runed door.
  3665 | D:3      | Noticed Crazy Yiuf
  3668 | D:3      | Killed Crazy Yiuf
  3668 | D:3      | Reached skill level 5 in Conjurations
  4406 | D:4      | Found a shimmering altar of Xom.
  4447 | D:4      | Found a radiant altar of Vehumet.
  4570 | D:3      | Learned a level 4 spell: Summon Ice Beast
  4601 | D:4      | Reached XP level 7. HP: 18/36 MP: 13/13
  4847 | D:4      | Became a worshipper of Vehumet
  4943 | D:4      | Found a white marble altar of Elyvilon.
  4946 | D:4      | Found an ornate altar of the Wu Jian Council.
  4961 | D:4      | Found an opulent altar of Gozag.
  4964 | D:4      | Found a shadowy altar of Dithmenos.
  5211 | D:4      | Noticed Sigmund
  5217 | D:4      | Killed Sigmund
  5219 | D:4      | Found a staircase to the Ecumenical Temple.
  5228 | Temple   | Entered the Ecumenical Temple
  5353 | D:5      | Entered Level 5 of the Dungeon
  5664 | D:5      | Reached skill level 1 in Summonings
  5890 | D:5      | Reached skill level 2 in Summonings
  5963 | D:5      | Learned a level 4 spell: Throw Icicle
  5986 | D:5      | Reached XP level 8. HP: 41/41 MP: 16/16
  5991 | D:5      | Found an ancient bone altar of Kikubaaqudgha.
  6098 | D:5      | Reached skill level 3 in Summonings
  6198 | D:5      | Noticed Duvessa
  6230 | D:5      | Noticed Dowan
  6233 | D:5      | Killed Duvessa
  6233 | D:5      | Reached skill level 1 in Shields
  6247 | D:5      | Killed Dowan
  6275 | D:5      | Found a shattered altar of Ashenzari.
  6390 | D:5      | Found a glowing silver altar of Zin.
  6426 | D:5      | Learned a level 1 spell: Apportation
  6518 | D:5      | Noticed Edmund
  6526 | D:5      | Killed Edmund
  6831 | D:6      | Found a hide-covered altar of Uskayaw.
  6835 | D:6      | Noticed a +0 dagger
  6835 | D:6      | Noticed a +0 dagger
  7018 | D:6      | Reached skill level 4 in Summonings
  7540 | D:7      | Noticed Joseph
  7555 | D:7      | Killed Joseph
  7555 | D:7      | Reached * piety under Vehumet
  7555 | D:7      | Offered knowledge of Flame Tongue by Vehumet.
  7799 | D:7      | Reached skill level 5 in Summonings
  7967 | D:7      | Noticed a hippogriff
  7984 | D:7      | Killed a hippogriff
  7984 | D:7      | Reached skill level 1 in Translocations
  8223 | D:7      | Reached XP level 9. HP: 43/45 MP: 17/17
  8512 | D:8      | Reached skill level 5 in Shields
  8549 | D:8      | Identified Yfougoteul's Papyrus of Dark Magic
  8613 | D:8      | Reached skill level 6 in Summonings
  8758 | D:8      | Reached skill level 7 in Summonings
  9019 | D:8      | Reached ** piety under Vehumet
  9019 | D:8      | Offered knowledge of Shock by Vehumet.
  9069 | D:8      | Slain by a wraith

Vault maps used:
D:1:      dpeg_arrival_concentric_ovals
D:2:      minmay_razor_zed, first_ration, chequers_serial_rivers_small_3
D:3:      old_standard_altar, lightli_sewer_entry_pipes, uniq_crazy_yiuf_cottage
D:4:      grunt_temple_overflow_cloverleaf, old_standard_altar,
          vehumet_altar_wand_db, lemuel_temple_firewalk_b, uniq_sigmund
D:5:      lemuel_doored_altar, kennysheep_mini_moat,
          nicolae_ashenzari_panopticon, uniq_edmund, uniq_duvessa
D:6:      dancing_weapons_uskayaw
D:7:      the_bakery, uniq_joseph
D:8:      minmay_the_grid_octo_2x2, kennysheep_mini,
          lemuel_mausoleum_altar_yredelemnul, minmay_misc_feat_enclosed
Temple:   kb_temple_of_zot
Sewer:    kennysheep_pipe_town

Skill      XL: |  1  2  3  4  5  6  7  8  9 |
---------------+----------------------------+-----
Ice Magic      | 4 5 6 |  6.2
Conjurations   | 2 3 4 5 6 |  6.6
Charms         | 2 3 4 |  4.5
Summonings     | 2 5 7 |  7.6
Spellcasting   | 4 |  4.4
Shields        | 4 5 |  5.0
Translocations | 1 2 |  2.1
Fighting       | |  0.6
Dodging        | |  2.4
Stealth        | |  2.4

Action                   |  1- 3 |  4- 6 |  7- 9 || total
-------------------------+-------+-------+-------++-------
Melee: Club              |    20 |       |       ||    20
       Spear             |    10 |       |       ||    10
       Dagger            |    10 |    93 |    85 ||   188
       Whip              |       |       |    91 ||    91
 Cast: Freeze            |    56 |    87 |    32 ||   175
       Throw Frost       |     2 |    17 |    47 ||    66
       Ozocubu's Armour  |       |    10 |    20 ||    30
       Summon Ice Beast  |       |       |    22 ||    22
       Throw Icicle      |       |       |     6 ||     6
Evoke: Wand              |       |    12 |     1 ||    13
  Use: Scroll            |     3 |       |    20 ||    23
 Stab: Sleeping          |     4 |     2 |     4 ||    10
       Distracted        |       |     1 |     1 ||     2
  Eat: Chunk             |     5 |    13 |    23 ||    41
Armor: Robe              |    17 |    51 |    60 ||   128
Dodge: Dodged            |    52 |   136 |   123 ||   311
Block: Buckler           |       |       |    18 ||    18

Table legend:
 A = Non-vault XP
 B = Vault XP
 C = Vault XP percentage of total XP
 D = Non-vault monster count
 E = Vault monster count
 F = Vault count percentage of total count
                 A         B        C        D         E       F
            +---------+---------+-------+---------+---------+-------
      Total |    2049 |    2046 |  50.0 |     128 |      57 |  30.8
            +---------+---------+-------+---------+---------+-------
        D:1 |      28 |       0 |   0.0 |      17 |       0 |   0.0
        D:2 |      47 |      13 |  21.7 |      16 |       7 |  30.4
        D:3 |      70 |      78 |  52.7 |      16 |       8 |  33.3
        D:4 |     291 |     207 |  41.6 |      24 |       2 |   7.7
        D:5 |     392 |     305 |  43.8 |      18 |       3 |  14.3
        D:6 |     258 |       0 |   0.0 |      12 |       0 |   0.0
        D:7 |     388 |     417 |  51.8 |       8 |       2 |  20.0
        D:8 |     575 |     679 |  54.1 |      17 |      11 |  39.3
      Sewer |       0 |     347 | 100.0 |       0 |      24 | 100.0
            +---------+---------+-------+---------+---------+-------
